 Dungeon Crawl Stone Soup version 0.20.1 (webtiles) character file.

420 KleinerIrrer the Ducker (level 6, -7/44 HPs)
             Began as an Octopode Gladiator on July 2, 2017.
             Killed from afar by Ijyb (23 damage)
             ... with a wand of lightning (?/15)
             ... on level 3 of the Dungeon.
             The game lasted 00:05:36 (2764 turns).

KleinerIrrer the Ducker (Octopode Gladiator)        Turns: 2764, Time: 00:05:37

Health: -7/44      AC:  1    Str: 14    XL:     6   Next: 94%
Magic:  6/6        EV: 17    Int: 10    God:
Gold:   125        SH:  0    Dex: 15    Spells: 5/5 levels left

rFire    . . .     SeeInvis .   i - +3 hand axe
rCold    . . .     Gourm    .   (no shield)
rNeg     . . .     Faith    .   a - +0 hat
rPois    .         Spirit   .   (no amulet)
rElec    .         Reflect  .   (no ring)
rCorr    .         Harm     .   (no ring)
MR       .....                  (no ring)
Stlth    ++........             (no ring)
Regen    0.2/turn               (no ring)
MPRegen  0.1/turn               (no ring)
                                (no ring)
                                (no ring)

@: no status effects
A: almost no armour, stealthy swim, amphibious, 8 rings, constrict 8, camouflage
1, gelatinous body 1
a: no special abilities


You were on level 3 of the Dungeon.
You were not hungry.

You visited 1 branch of the dungeon, and saw 3 of its levels.

You collected 125 gold pieces.

Inventory:

Hand Weapons
 i - a +3 hand axe (weapon)
 r - a +1 war axe of freezing
 s - a +0 short sword of flaming
 u - a cursed -1 whip
Missiles
 b - 3 throwing nets (quivered)
 h - 17 arrows
Armour
 a - a +0 hat (worn)
Scrolls
 d - a scroll of fear {unknown}
 f - 3 scrolls of teleportation {unknown}
 g - 2 scrolls of fog {unknown}
 k - a scroll of random uselessness {unknown}
 m - 2 scrolls of immolation {unknown}
 o - 2 scrolls of amnesia {unknown}
 q - 2 scrolls of identify {unknown}
 v - a scroll of magic mapping {unknown}
 w - a scroll of remove curse {unknown}
Potions
 e - a potion of invisibility {unknown}
 l - a potion of curing
 n - a potion of lignification {unknown}
 p - 2 potions of flight {unknown}
Comestibles
 c - 2 bread rations
 j - a royal jelly
 t - 14 chunks of flesh


   Skills:
 + Level 4.5 Fighting
 - Level 2.0 Throwing
 + Level 6.1 Dodging
 - Level 3.2 Unarmed Combat


You had 5 spell levels left.
You didn't know any spells.

Dungeon Overview and Level Annotations

Branches:
Dungeon (3/15)

Altars:
Dithmenos
Hepliaklqana

Annotations:
D:3 Ijyb


Innate Abilities, Weirdness & Mutations

You cannot wear most types of armour.
You are very stealthy in the water. (Stealth+)
You are amphibious.
You can wear up to eight rings at the same time.
You can use your tentacles to constrict eight enemies at once.
Your skin changes colour to match your surroundings (Stealth+).
Your rubbery body absorbs attacks. (AC +1, EV +1)


Message History

You hit the orc priest.
You squeeze the orc priest, but do no damage.
The orc priest is severely wounded.
You hit the quokka. You constrict the orc priest. The quokka barely misses you.
The orc priest looks encouraged for a moment.
The quokka closely misses you.
Ijyb zaps a wand.
The bolt of lightning hits you!
The bolt of lightning hits the quokka.
The quokka dies!
You hit the orc priest.
You kill the orc priest!
You closely miss Ijyb. Ijyb completely misses you.
You hit Ijyb. You grab Ijyb.
Ijyb is moderately wounded.
You constrict Ijyb. Ijyb misses you.
You hit Ijyb but do no damage. You squeeze Ijyb, but do no damage.
Ijyb is moderately wounded.
You constrict Ijyb, but do no damage. Ijyb completely misses you.
Ijyb zaps a wand.
The bolt of lightning hits you!
Ouch! That really hurt!
You die...

############ .
#....##(.... ..
##....##..... ...
#.....##..... ....######
#.....##..... .........#
#.....#......
......)g.###.....#.#####
##'#####@...........#
...
'.....).†..##########
### ########...#
.......<# ...........#
........####.# #########
#


You could see Ijyb.

Vanquished Creatures
  Grinder (D:3)
  2 orc priests (D:3)
  An orc wizard (D:3)
  Robin (D:3)
  2 adders
  4 gnolls
  An ooze (D:2)
  2 dart slugs (D:1)
  2 leopard geckos (D:2)
  4 orcs
  2 giant cockroaches (D:1)
  13 goblins
  8 hobgoblins
  2 jackals (D:2)
  6 bats
  3 frilled lizards (D:2)
  4 kobolds
  5 rats
63 creatures vanquished.

Vanquished Creatures (others)
  An orc (D:3)
  A quokka (D:3)
2 creatures vanquished.

Grand Total: 65 creatures vanquished

Notes
Turn   | Place    | Note
-------+----------+-------------------------------------------
     0 | D:1      | KleinerIrrer the Octopode Gladiator began the quest for the Orb.
     0 | D:1      | Reached XP level 1. HP: 14/14 MP: 1/1
   308 | D:1      | Reached XP level 2. HP: 9/19 MP: 2/2
   919 | D:2      | Found a shadowy altar of Dithmenos.
   933 | D:2      | Reached XP level 3. HP: 24/24 MP: 3/3
  1216 | D:2      | Found a hazy altar of Hepliaklqana.
  1678 | D:2      | Reached skill level 4 in Dodging
  1680 | D:2      | Reached XP level 4. HP: 15/30 MP: 4/4
  2174 | D:2      | Reached XP level 5. HP: 16/36 MP: 5/5
  2473 | D:3      | Noticed Grinder
  2479 | D:3      | Killed Grinder
  2479 | D:3      | Reached skill level 5 in Dodging
  2479 | D:3      | Reached XP level 6. HP: 36/43 MP: 6/6
  2563 | D:3      | Noticed Robin
  2647 | D:3      | Killed Robin
  2753 | D:3      | Noticed Ijyb
  2759 | D:3      | Reached skill level 6 in Dodging
  2764 | D:3      | Killed from afar by Ijyb

Skill      XL: |  1  2  3  4  5  6 |
---------------+-------------------+-----
Dodging        | 4 5 6 |  6.1
Fighting       | 3 4 |  4.5
Throwing       | |  2.0
Unarmed Combat | |  3.2

Action                   |  1- 3 |  4- 6 || total
-------------------------+-------+-------++-------
Melee: Unarmed           |     8 |       ||     8
       Hand axe          |    51 |    56 ||   107
       Constrict         |    16 |    14 ||    30
       Tentacles         |     9 |    15 ||    24
       Punch             |       |     1 ||     1
 Stab: Sleeping          |     6 |     1 ||     7
  Eat: Chunk             |     2 |     4 ||     6
Armor: Skin              |     2 |     3 ||     5
Dodge: Dodged            |    38 |    48 ||    86
